Map: Rifts to Korhal

Players

Renever

  • Race: Protoss Protoss
  • Spawn Location: 7:00

Jret

  • Race: Terran Terran
  • Spawn Location: 7:00

VOD

Have the link to the VOD?

Description

Time

  • Played on: April 1, 2019, 6:20 p.m.
  • Length: 23:09
Show
View Real Time Build Order
Export as new Build Order

Renever Protoss 

Build Orders:  

Get SALT Encoding   

  12  0:38  Xel'Naga Passageway  
  12  0:39  Probe (Chrono Boost)  
  13  0:53  Probe (Chrono Boost)  
  14  1:07  Probe (Chrono Boost)  
  15  1:21  Probe (Chrono Boost)  
  16  1:53  Core Forge  
  16  2:02  Xel'Naga Passageway  
  16  2:04  Xel'Naga Passageway  
  16  2:08  Xel'Naga Passageway  
  16  2:09  Probe (Chrono Boost)  
  17  2:23  Probe (Chrono Boost)  
  18  2:37  Probe (Chrono Boost)  
  19  2:51  Probe (Chrono Boost)  
  20  3:16  Tesseract Cannon  
  20  3:18  Tesseract Cannon  
  20  3:23  Tesseract Cannon  
  20  3:48  Void Shrine  
  20  5:57  Serdath Legion  
  20  7:26  Xel'Naga Ambusher  
  20  7:27  Xel'Naga Ambusher  
  20  7:28  Xel'Naga Ambusher  
  26  7:30  Xel'Naga Ambusher  
  28  7:47  Xel'Naga Shieldguard  
  28  7:48  Xel'Naga Shieldguard  
  28  7:49  Void Templar  
  32  7:51  Void Templar  
  34  9:09  Constructs Facility  
  34  9:13  Constructs Facility  
  34  9:15  Constructs Facility  
  34  9:19  Constructs Facility  
  34  9:36  Ancient Nexus  
  34  11:19  Probe (Chrono Boost)  
  35  11:33  Probe (Chrono Boost)  
  36  11:47  Probe (Chrono Boost)  
  37  12:01  Probe (Chrono Boost)  
  38  12:14  Probe (Chrono Boost)  
  39  12:35  Xel'Naga Watcher  
  39  12:39  Xel'Naga Enforcer  
  43  12:40  Xel'Naga Enforcer  
  43  12:41  Xel'Naga Enforcer  
  51  13:04  Probe (Chrono Boost)  
  52  13:18  Probe (Chrono Boost)  
  53  13:32  Probe (Chrono Boost)  
  54  13:45  Probe (Chrono Boost)  
  55  13:59  Probe (Chrono Boost)  
  54  15:03  Tesseract Cannon  
  54  15:04  Tesseract Cannon  
  54  15:08  Tesseract Cannon  
  54  15:10  Tesseract Cannon  
  54  16:29  Xel'Naga Enforcer  
  58  16:30  Xel'Naga Enforcer  
  58  16:33  Xel'Naga Watcher x2  
  62  17:22  Constructs Bay  
  62  17:44  Tesseract Cannon  
  62  18:42  Serdath Legion  
  62  20:08  Xel'Naga Abrogator x2  
  62  20:09  Xel'Naga Abrogator  
  71  20:10  Xel'Naga Enforcer  
  75  20:33  Xel'Naga Enforcer x2  
  75  20:34  Xel'Naga Void Array x2, Void Templar  
  75  20:35  Void Templar  
  125  20:40  Xel'Naga Shieldguard x2  
  90  22:08  Unknown x9  
  90  22:16  Unknown x3  
  90  22:17  Unknown x6  
  90  22:21  Unknown x3  
  90  22:26  Unknown x3  
  90  22:27  Unknown x3  
  90  22:28  Unknown x3  
  90  22:34  Unknown x3  
  90  22:35  Unknown x6  
  90  22:39  Unknown x3  
  90  22:41  Unknown x6  
  90  22:51  Unknown x3  
  90  22:52  Unknown x3  
Show
View Real Time Build Order
Export as new Build Order

Jret Terran 

Build Orders:  

Get SALT Encoding   

  12  0:02  SCV  
  13  0:16  SCV  
  14  0:28  Supply Depot  
  14  0:31  SCV  
  15  0:55  SCV  
  16  1:02  Factory  
  16  1:08  SCV  
  17  1:22  SCV  
  18  1:35  SCV  
  18  1:37  Supply Depot  
  19  1:43  Perdition Turret  
  19  1:49  SCV  
  20  1:59  Devastation Turret  
  20  2:03  SCV  
  21  2:19  SCV  
  21  2:27  Refinery  
  21  2:28  Refinery  
  22  2:34  SCV  
  23  2:46  Factory Tech Reactor  
  23  2:48  SCV  
  24  2:53  Perdition Turret  
  24  3:01  SCV  
  25  3:22  Command Center, SCV  
  26  3:37  Armory  
  26  3:38  SCV  
  27  3:52  SCV  
  27  3:59  Supply Depot  
  28  4:16  SCV  
  29  4:30  Siege Tank  
  29  4:31  Siege Tank, SCV  
  29  4:39  Supply Depot  
  36  4:49  SCV  
  37  5:12  Upgrade Laser Drill Level 1  
  37  5:14  Refinery  
  37  5:20  Refinery  
  37  5:33  SCV x2  
  39  5:44  Siege Tank  
  39  5:45  Siege Tank  
  45  5:53  Supply Depot  
  45  6:04  SCV x2  
  47  6:17  SCV x2  
  49  6:33  Siege Tank x2  
  55  6:41  SCV  
  55  6:44  SCV, Supply Depot  
  55  6:47  Supply Depot  
  57  6:56  SCV  
  57  6:57  SCV  
  59  7:09  SCV  
  59  7:11  SCV  
  61  7:26  Siege Tank x2  
  61  7:29  Maelstrom Rounds  
  67  7:36  Starport  
  67  8:00  Advanced Optics  
  67  8:01  SCV  
  67  8:02  SCV  
  69  8:17  SCV x2  
  71  8:24  Upgrade Laser Drill Level 2  
  71  8:58  Starport Tech Reactor  
  55  9:00  Science Vessel, Hercules  
  71  9:02  Improved Nano-Repair  
  71  9:05  Supply Depot  
  76  9:11  SCV x2  
  78  9:27  Factory Tech Reactor  
  78  9:40  Starport  
  78  9:42  Science Vessel  
  78  9:48  Science Vessel  
  82  10:00  Terran Vehicle and Ship Weapons Level 1  
  82  10:05  SCV x2  
  84  10:36  SCV x2  
  86  10:55  Starport Tech Reactor  
  86  10:56  Factory Tech Reactor  
  86  10:57  Starport  
  86  11:01  Displacement Field, Pulse Amplifier  
  86  11:13  Wraith x2  
  86  11:14  Wraith x2  
  94  11:22  Supply Depot  
  94  11:24  Supply Depot  
  94  11:25  Supply Depot  
  94  11:26  Supply Depot  
  94  11:28  Supply Depot  
  94  11:32  Supply Depot  
  94  12:03  Wraith x3  
  94  12:04  Wraith  
  94  12:07  Starport Tech Reactor, Wraith x2  
  106  12:12  Supply Depot  
  106  12:14  Defensive Matrix  
  106  12:22  Supply Depot  
  106  12:24  Supply Depot x2  
  106  12:27  Supply Depot  
  106  12:51  Wraith x2  
  106  12:52  Wraith x4  
  118  13:31  Wraith  
  120  13:42  Wraith x2  
  120  13:43  Wraith x2  
  120  13:44  Wraith  
  120  13:48  Terran Vehicle and Ship Weapons Level 2  
  130  13:55  Supply Depot x2  
  130  13:57  Supply Depot  
  130  13:59  Supply Depot  
  130  14:11  Wraith  
  132  15:02  Wraith  
  132  15:03  Wraith x3  
  132  15:04  Wraith x2  
  144  15:42  Wraith x2  
  144  15:43  Wraith x2  
  144  15:44  Wraith x2  
  156  16:22  Science Vessel x2  
  156  16:23  Science Vessel, Wraith  
  156  16:24  Wraith x2  
  168  17:03  Wraith  
  168  17:04  Wraith x2  
  174  17:10  Wraith x2  
  174  17:11  Wraith  
  180  17:43  Wraith  
  180  17:44  Wraith x2  
  180  17:46  Terran Vehicle and Ship Weapons Level 3  
  186  17:55  Wraith x3  
  192  18:23  Wraith x2  
  192  18:24  Wraith  
  198  18:35  Wraith  
  200  19:41  Siege Tank x2  
  193  21:29  Wraith x6  
  191  22:08  Wraith  
  191  22:09  Wraith x4  
Tags
 
Add a new tag
Caveats
  • Supply blocks, unpowered buildings, or Contaminate may cause inaccurate times.
  • Supply counts are checked every 10 seconds.